[ AOE2 MATCH · #506224292 ]
UnrankedTupi vs Slavs
Player's team · LOSS
Rival team · WIN
[ REPLAY ANALYSIS · EXTRACTED FROM THE RECORDED GAME ]
Feudal
—
Castle
—
Imperial
—
| APM avg | 50.2 |
| APM peak | 83 |
| eAPM avg | 25.0 |
| Villagers / military | 49 / 0 |
Focus
⚔️ 36.6% · 🌾 63.4%
Feudal
8:26
Castle
—
Imperial
—
| APM avg | 63.3 |
| APM peak | 87 |
| eAPM avg | 31.6 |
| Villagers / military | 37 / 11 |
Focus
⚔️ 38.1% · 🌾 61.9%
Archer ×7 · Scout Cavalry ×4
Match map
Initial resources + every placement click. Lines = walls · curves = elevation contours. ◆ gold · ⬟ stone · ● berries · ✦ relic · ◌ wall gap
Your base· Open — unwalled flank
Oni.FeAge's base· Open — 2t gap
Smoothed initial terrain · ◌ = detected wall gap · hover for details
Inputs per minute
— MatzeAoE - - Oni.FeAge
Build order — MatzeAoE
58 actions detected in the replay
| 0:01 | Create | Villager (Male) |
| 0:01 | Create | Villager (Male) |
| 0:02 | Build | House |
| 0:04 | Build | House |
| 0:07 | Create | Villager (Male) |
| 0:08 | Create | Villager (Male) |
| 1:06 | Create | Villager (Male) |
| 1:06 | Create | Villager (Male) |
| 1:29 | Create | Villager (Male) |
| 2:14 | Create | Villager (Male) |
| 2:15 | Create | Villager (Male) |
| 2:48 | Create | Villager (Male) |
| 3:21 | Create | Villager (Male) |
| 3:22 | Create | Villager (Male) |
| 3:36 | Create | Villager (Male) |
| 4:01 | Build | House |
| 4:03 | Create | Villager (Male) |
| 4:09 | Create | Villager (Male) |
| 4:10 | Create | Villager (Male) |
| 4:47 | Build | House |
| 5:12 | Create | Villager (Male) |
| 5:19 | Create | Villager (Male) |
| 5:41 | Create | Villager (Male) |
| 5:41 | Create | Villager (Male) |
| 6:41 | Research | Loom |
| 6:43 | Create | Villager (Male) |
| 6:43 | Create | Villager (Male) |
| 6:56 | Create | Villager (Male) |
| 6:56 | Create | Villager (Male) |
| 6:56 | Create | Villager (Male) |
| 6:57 | Create | Villager (Male) |
| 7:26 | Create | Villager (Male) |
| 7:26 | Create | Villager (Male) |
| 8:04 | Create | Villager (Male) |
| 8:34 | Build | Town Center |
| 9:13 | Create | Villager (Male) |
| 9:13 | Create | Villager (Male) |
| 9:14 | Create | Villager (Male) |
| 9:17 | Create | Villager (Male) |
| 9:23 | Create | Villager (Male) |
| 9:27 | Create | Villager (Male) |
| 9:27 | Create | Villager (Male) |
| 11:50 | Create | Villager (Male) |
| 13:11 | Build | Settlement |
| 13:19 | Create | Villager (Male) |
| 13:38 | Create | Villager (Male) |
| 13:39 | Create | Villager (Male) |
| 14:14 | Create | Villager (Male) |
| 14:15 | Create | Villager (Male) |
| 14:36 | Create | Villager (Male) |
| 14:50 | Create | Villager (Male) |
| 14:59 | Create | Villager (Male) |
| 15:36 | Create | Villager (Male) |
| 15:40 | Create | Villager (Male) |
| 15:42 | Create | Villager (Male) |
| 15:42 | Create | Villager (Male) |
| 15:45 | Build | Town Center |
| 15:56 | Build | Town Center |
Build order — Oni.FeAge
82 actions detected in the replay
| 0:00 | Create | Villager (Male) |
| 0:01 | Create | Villager (Male) |
| 0:02 | Build | House |
| 0:03 | Build | House |
| 0:04 | Create | Villager (Male) |
| 0:06 | Create | Villager (Male) |
| 1:26 | Create | Villager (Male) |
| 1:26 | Create | Villager (Male) |
| 1:46 | Build | Lumber Camp |
| 1:59 | Create | Villager (Male) |
| 1:59 | Create | Villager (Male) |
| 2:21 | Create | Villager (Male) |
| 2:53 | Create | Villager (Male) |
| 2:53 | Create | Villager (Male) |
| 3:00 | Build | House |
| 3:08 | Create | Villager (Male) |
| 3:37 | Create | Villager (Male) |
| 3:56 | Create | Villager (Male) |
| 3:59 | Create | Villager (Male) |
| 3:59 | Create | Villager (Male) |
| 3:59 | Create | Villager (Male) |
| 4:06 | Build | Mill |
| 4:42 | Create | Villager (Male) |
| 5:11 | Create | Villager (Male) |
| 5:28 | Build | Palisade Gate |
| 5:43 | Research | Loom |
| 6:12 | Research | Feudal Age |
| 6:12 | Research | Feudal Age |
| 7:15 | Build | House |
| 7:19 | Build | Palisade Wall |
| 7:27 | Build | Palisade Wall |
| 7:29 | Build | Palisade Wall |
| 7:31 | Build | Palisade Wall |
| 7:35 | Build | Palisade Wall |
| 7:37 | Build | Palisade Wall |
| 7:43 | Build | Barracks |
| 7:47 | Build | Palisade Wall |
| 7:48 | Build | Palisade Wall |
| 7:52 | Build | Palisade Wall |
| 8:23 | Build | Palisade Wall |
| 8:26 | Age | Feudal Age |
| 8:27 | Create | Villager (Male) |
| 8:31 | Build | Palisade Wall |
| 8:31 | Create | Villager (Male) |
| 8:36 | Build | Stable |
| 8:38 | Create | Villager (Male) |
| 8:48 | Build | Palisade Gate |
| 9:08 | Create | Scout Cavalry |
| 9:09 | Create | Scout Cavalry |
| 9:15 | Create | Villager (Male) |
| 9:48 | Build | Palisade Gate |
| 9:54 | Create | Villager (Male) |
| 9:54 | Create | Villager (Male) |
| 10:31 | Create | Scout Cavalry |
| 10:42 | Build | House |
| 11:14 | Build | Town Center |
| 12:11 | Create | Villager (Male) |
| 12:23 | Build | Archery Range |
| 12:29 | Create | Villager (Male) |
| 12:29 | Create | Villager (Male) |
| 12:54 | Create | Villager (Male) |
| 13:01 | Create | Archer |
| 13:03 | Create | Villager (Male) |
| 13:04 | Create | Villager (Male) |
| 13:30 | Create | Archer |
| 13:34 | Create | Scout Cavalry |
| 13:42 | Create | Villager (Male) |
| 13:42 | Create | Villager (Male) |
| 13:45 | Build | Farm |
| 13:52 | Create | Archer |
| 14:25 | Create | Archer |
| 14:33 | Build | Farm |
| 14:37 | Create | Villager (Male) |
| 14:37 | Create | Villager (Male) |
| 14:51 | Create | Archer |
| 14:54 | Build | House |
| 14:56 | Build | Farm |
| 14:58 | Build | Farm |
| 15:17 | Create | Archer |
| 15:46 | Create | Villager (Male) |
| 15:47 | Create | Villager (Male) |
| 15:49 | Create | Archer |
Match timeline
| 7:19 | Oni.FeAge · wall_segment Palisade Wall x1 |
| 7:27 | Oni.FeAge · wall_segment Palisade Wall x1 |
| 7:29 | Oni.FeAge · wall_segment Palisade Wall x1 |
| 7:31 | Oni.FeAge · wall_segment Palisade Wall x1 |
| 7:35 | Oni.FeAge · wall_segment Palisade Wall x1 |
| 7:37 | Oni.FeAge · wall_segment Palisade Wall x1 |
| 7:43 | Oni.FeAge · first_building Barracks |
| 7:47 | Oni.FeAge · wall_segment Palisade Wall x1 |
| 7:48 | Oni.FeAge · wall_segment Palisade Wall x1 |
| 7:52 | Oni.FeAge · wall_segment Palisade Wall x1 |
| 8:23 | Oni.FeAge · wall_segment Palisade Wall x1 |
| 8:26 | Oni.FeAge · age_up feudal |
| 8:31 | Oni.FeAge · wall_segment Palisade Wall x1 |
| 8:36 | Oni.FeAge · first_building Stable |
| 12:23 | Oni.FeAge · first_building Archery Range |
| 16:07 | MatzeAoE · resign |
[ AI ANALYSIS · 1 CREDIT ]
What really happened in this match?
Wolo.gg analyzes every decision: build order, eco, micro, common mistakes by bracket. Personalized analysis on WhatsApp or Discord in 30 seconds.
Civ guide
Tupi
Perfil
Jugador #25940851